 Dungeon Crawl Stone Soup version 0.25-a0-100-g33052ceff8 (webtiles) character file.

Game seed: 18398441947415766245, levelgen mode: deterministic

684089 Cinder the Axe Maniac (level 27, -8/243 HPs)
             Began as a Minotaur Berserker on Nov 11, 2019.
             Was the Champion of Trog.
             Killed from afar by a quicksilver dragon (36 damage)
             ... with a bolt of dispelling energy
             ... on level 5 of the Realm of Zot on Nov 14, 2019.
             The game lasted 04:28:15 (80750 turns).

Cinder the Axe Maniac (Minotaur Berserker)         Turns: 80750, Time: 04:28:16

Health: -8/243     AC: 36    Str: 31    XL:     27
Magic:  0/26       EV: 11    Int: 10    God:    Trog [******]
Gold:   5783       SH: 28    Dex: 10    Spells: 26/26 levels left

rFire    + + .     SeeInvis +   W - +9 broad axe of the Final Decision {holy, MR+ Str+4 SInv}
rCold    + + .     Gourm    .   d - +0 large shield {reflect}
rNeg     + . .     Faith    .   j - +11 gold dragon scales
rPois    +         Spirit   +   n - +2 hat {MR+}
rElec    +         Reflect  +   Z - +1 cloak {+Inv}
rCorr    .         Harm     .   S - +2 pair of gloves {archery}
MR       +++++                  f - +2 pair of boots of the Assassin {Detection Stab+ Stlth++}
Stlth    ..........             I - amulet of guardian spirit
HPRegen  1.00/turn              r - ring of Ozakoeh {rF+ rN+ MR++ Str-3 Dex+2}
MPRegen  0.20/turn              T - ring "Xakotam" {rC+ Int+3 Slay+5}

@: corroded, regenerating
A: retaliatory headbutt, horns 2, blurry vision 1, clumsy 2, deformed body,
deterioration 1, frail 1, low mp 2, electricity resistance, inhibited
regeneration, evolution 1
}: 4/15 runes: decaying, slimy, silver, gossamer
a: Berserk, Trog's Hand, Brothers in Arms, Renounce Religion, Evoke Invisibility


You were on level 5 of the Realm of Zot.
You worshipped Trog.
Trog was exalted by your worship.
You were hungry.

You visited 10 branches of the dungeon, and saw 53 of its levels.
You visited the Abyss 1 time.
You also visited: Trove.

You collected 9015 gold pieces.
You spent 3232 gold pieces at shops.

Inventory:

Hand Weapons
 a - a +9 vampiric broad axe
 b - a +9 antimagic broad axe
 W - the +9 broad axe of the Final Decision (weapon) {holy, MR+ Str+4 SInv}
   (Trog gifted it to you on level 2 of the Depths)

   It has been blessed by the Shining One to cause great damage to the undead
   and demons.
   It affects your strength (+4).
   It affects your resistance to hostile enchantments.
   It lets you see invisible.
Missiles
 C - 5 throwing nets
 P - 33 curare-tipped darts
 Q - 27 javelins (quivered)
 U - 43 silver javelins
Armour
 d - a +0 large shield of reflection (worn)
 f - the +2 pair of boots of the Assassin (worn) {Detection Stab+ Stlth++}
   (You found it in a treasure trove)

   It makes you much more stealthy.
 j - +11 gold dragon scales (worn)
 n - a +2 hat of magic resistance (worn)
 S - a +2 pair of gloves of archery (worn)
 Z - a +1 cloak of invisibility (worn)
Jewellery
 k - the ring of Finality {rF+ AC+3 Int+4}
   (You found it on level 3 of the Depths)

   [ring of protection]

   It affects your AC (+3).
   It affects your intelligence (+4).
   It protects you from fire.
 r - the ring of Ozakoeh (left hand) {rF+ rN+ MR++ Str-3 Dex+2}
   (You found it on level 5 of the Vaults)

   [ring of dexterity]

   It affects your strength (-3).
   It affects your dexterity (+2).
   It protects you from fire.
   It protects you from negative energy.
   It affects your resistance to hostile enchantments.
 I - an amulet of guardian spirit (around neck)
 M - an uncursed ring of resist corrosion
 T - the ring "Xakotam" (right hand) {rC+ Int+3 Slay+5}
   (You found it on level 5 of the Pits of Slime)

   [ring of protection from cold]

   It affects your intelligence (+3).
   It affects your accuracy and damage with ranged weapons and melee attacks
   (+5).
   It protects you from cold.
Wands
 t - a wand of paralysis (38)
 y - a wand of digging (25)
 F - a wand of acid (28)
 G - a wand of clouds (5)
 X - a wand of iceblast (37)
Scrolls
 e - 8 scrolls of blinking
 v - 15 scrolls of fear
 w - a scroll of summoning
 x - 6 scrolls of fog
 B - 19 scrolls of remove curse
 E - 2 scrolls of identify
 J - 5 scrolls of magic mapping
 L - 2 scrolls of immolation
 N - 16 scrolls of teleportation
 V - 5 scrolls of silence
Potions
 g - 2 potions of ambrosia
 h - 7 potions of mutation
 i - 9 potions of lignification
 l - 6 potions of flight
 m - 4 potions of resistance
 p - 8 potions of heal wounds
 q - 10 potions of might
 s - 7 potions of agility
 u - 19 potions of curing
 z - 4 potions of cancellation
 D - 11 potions of haste
Miscellaneous
 o - 3 phantom mirrors
 A - 4 sacks of spiders
 H - a lamp of fire
 K - a phial of floods
 O - 3 boxes of beasts
 R - a fan of gales
 Y - a lightning rod (4/4)
Comestibles
 c - 93 rations


   Skills:
 + Level 26.8 Fighting
 O Level 27 Axes
 - Level 16.0 Throwing
 - Level 20.0 Armour
 - Level 10.0 Dodging
 O Level 27 Shields
 - Level 15.0 Evocations


You had 26 spell levels left.
You didn't know any spells.
Your spell library was empty.

Dungeon Overview and Level Annotations

Branches:
Dungeon (15/15)            Temple (0/1) D:6            Lair (5/6) D:11
  Swamp (4/4) Lair:2       Spider (4/4) Lair:4        Slime (5/5) Lair:5
    Orc (2/2) D:12            Elf (3/3) Orc:2        Vaults (5/5) D:14
  Crypt (0/3) Vaults:3     Depths (5/5) D:15            Zot (5/5) Depths:5

Altars:
Ashenzari
Dithmenos
Elyvilon
Fedhas
Gozag
Hepliaklqana
Kikubaaqudgha
Ru
Sif Muna
Trog
Vehumet
Xom
Zin
The Shining One
Beogh
Jiyva

Shops:
D:5 (   D:7 ?   D:11 [   D:15 *   Orc:1 **   Orc:2 }!?(   Elf:3 [
Vaults:1 :[=}}   Vaults:2 =   Zot:1 *   Depths:3 *}

Portals:
Hell: Depths:1 Depths:2 Depths:3 Depths:4 Depths:5
Abyss: Depths:1 Depths:2 Depths:4
Pandemonium: Depths:3
Ziggurat: Depths:2

Annotations:
D:7 2 transporters, EpicUbivator's ghost, novice DrAE
Swamp:1 Roxanne
Elf:1 4 runed translucent doors, Vogetsu's ghost, adept MiFi
Depths:2 3 runed translucent doors, Zargheaku's ghost, veteran GnWz
Zot:5 3 runed translucent doors, exclusion: door, vvokhom's ghost, legendary MiBe


Innate Abilities, Weirdness & Mutations

You reflexively headbutt those who attack you in melee.
You have a pair of horns on your head.
Scrolls take you a little longer to read.
You are very clumsy. (Dex -4)
Armour fits poorly on your strangely shaped body.
Your body sometimes deteriorates upon taking damage.
You are frail. (-10% HP)
Your magical capacity is very low. (-20% MP)
You are resistant to electric shocks. (rElec)
You do not regenerate when monsters are visible.
You evolve.


Message History

The acid corrodes you!
You are splashed with acid!
* * * LOW HITPOINT WARNING * * *
You miss the quicksilver dragon.
The quicksilver dragon is almost dead.
You hit the yellow draconian. The quicksilver dragon bites you!
* * * LOW HITPOINT WARNING * * *
You block the quicksilver dragon's attack.
The quicksilver dragon bites you but does no damage.
You block the quicksilver dragon's attack.
You feel much better. The ghost moth stares at you.
You feel your power leaking away. The yellow draconian barely misses you.
You furiously retaliate!
You headbutt the yellow draconian!
You kill the yellow draconian!
Trog accepts your kill.
The quicksilver dragon breathes dispelling energy at you.
The bolt of dispelling energy hits you!!!
Your magical effects are unravelling.
You die...

.............# **,,,,,,,,,,,,,,,
#...........## *,,,,,,,,,,,,,,,,
#...........# *,,,,,,,,,,,,,,,,
#.....}.....## *,,,,,,,.,,,,,,,,
...........^.# *,,,,,,dd,,,,,,,,
...........[.## *,,,,,...,,,,,,,,
.^............##*,,,,....,,,,,,,,
.###########...###,,.....,,,,,,,,
## ##...@##......,,,,,,,, #
###.D)y......,,,,,,,,
#▓▓▓▓▓▓▓▓▓▓***,,,,,
****,,,,,,,,,,,,,,
***,,,,,,,,,,,,,,,,, *
**,,,,,,,,,,,,,,,,,,, * *********
*,,,,,,,,,,,,,,,,,,,,
***,,,,,,,***,,,,,,,,,,,,,,,,,,,,
**,,,,,,,,,**,,,,,,,,,,,,,,,,,,,,


You could see a quicksilver dragon and a ghost moth (invisible).

Vanquished Creatures
  the Royal Jelly (Slime:5)
  The ghost of Kejih the Sniper, a legendary NaHu of Okawaru (Zot:2)
  6 orbs of fire
  2 ancient liches
  A juggernaut (Depths:4)
  The ghost of Xeragriu the Hoplite, a legendary GrFi of Qazlal (Zot:1)
  4 Killer Klowns
  3 curse toes
  11 golden dragons
  Nikola (Elf:3)
  7 electric golems
  6 liches
  20 tentacled monstrosities
  A deep elf master archer (Elf:3)
  Jorgrun (D:13)
  7 Orb Guardians (Zot:5)
  A deep elf blademaster (Elf:2)
  3 quicksilver dragons
  16 titans
  3 tentacled starspawn (Abyss:3)
  17 acid blobs
  An ancient champion (Depths:3)
  3 sphinxes
  10 death cobs
  Kirke (Swamp:1)
  A thorn hunter (Swamp:4)
  17 fire giants
  20 storm dragons
  The ghost of iVAG the Devastator, an adept TeCj of Vehumet (Elf:2)
  11 azure jellies
  Donald (Spider:2)
  11 draconian monks
  6 tengu reavers
  3 orc warlords
  7 shadow dragons
  19 frost giants
  7 deep elf sorcerers
  4 ghost moths
  A balrug (Depths:2)
  4 emperor scorpions
  10 draconian scorchers
  Louise (Depths:2)
  12 vault wardens
  Aizul (Spider:1)
  2 deep elf elementalists
  2 draconian stormcallers
  4 draconian shifters
  14 ironheart preservers
  3 spriggan defenders
  7 draconian annihilators
  27 stone giants
  11 very ugly things
  5 entropy weavers
  11 green draconians
  3 deep elf annihilators
  14 black draconians
  11 white draconians
  3 vampire knights
  10 deep elf demonologists
  11 red draconians
  7 yellow draconians
  20 ettins
  14 spark wasps
  7 purple draconians
  5 deep elf death magi
  A blizzard demon (Depths:5)
  A jiangshi (Vaults:3)
  A crystal guardian (Vaults:4)
  9 death oozes (Slime:5)
  12 fire dragons
  5 deep elf high priests
  14 great orbs of eyes
  6 rakshasas
  35 vault guards
  19 yaktaur captains
  13 hydras
  A ghost crab (Swamp:4)
  12 ice dragons
  3 spriggan air magi
  13 centaur warriors
  3 shambling mangroves
  2 death knights
  6 death yaks
  16 alligators
  A queen ant (Spider:2)
  43 two-headed ogres
  16 ogre magi
  24 dancing weapons
  2 vampire magi
  A queen ant (shapeshifter) (Vaults:5)
  16 deep troll shamans
  5 orc high priests
  4 tengu warriors
  3 spriggan berserkers
  18 deep troll earth magi
  3 sun demons (Depths:5)
  18 deep elf knights
  Nergalle (Orc:2)
  15 iron trolls
  A wretched star (Abyss:4)
  2 soul eaters
  2 skeletal warriors
  8 salamander mystics
  3 fire crabs (shapeshifter)
  25 hell knights
  A death drake (shapeshifter) (Vaults:5)
  A flayed ghost (Vaults:1)
  An unseen horror (shapeshifter) (Depths:1)
  A spatial maelstrom (Abyss:3)
  5 glowing orange brains
  2 shadow wraiths
  2 spriggan druids (Swamp:4)
  47 deep trolls
  Pikel (D:7)
  9 swamp dragons
  6 orc knights
  2 obsidian statues
  2 harpies (shapeshifter)
  2 wizards
  15 ironbrand convokers
  9 deep elf archers
  A sphinx zombie (Vaults:2)
  7 necromancers
  25 orb spiders
  13 harpies
  7 phantasmal warriors
  A stone giant zombie (Vaults:2)
  29 wolf spiders
  4 shining eyes
  10 orc sorcerers
  62 deep elf magi
  38 ugly things
  3 manticores
  32 moths of wrath
  A fire giant zombie (Depths:1)
  27 salamanders
  5 cyclopes
  4 centaur zombies
  A manticore (shapeshifter) (Vaults:1)
  A naga mage (Vaults:3)
  2 worldbinders (Abyss:3)
  2 guardian serpents (Depths:3)
  2 black mambas (shapeshifter)
  A black mamba (Lair:2)
  13 vault sentinels
  Joseph (D:9)
  A stone giant skeleton (Depths:1)
  2 orange demons (Depths:5)
  A molten gargoyle (Depths:5)
  2 torpor snails
  3 eyes of devastation
  A kobold demonologist (D:15)
  5 spectral swamp worms (Depths:1)
  A rime drake (Lair:3)
  A smoke demon (Abyss:4)
  10 spiny frogs
  7 komodo dragons
  60 yaktaurs
  13 demonic crawlers
  2 hellions (Abyss:3)
  A rime drake (shapeshifter) (Vaults:1)
  6 freezing wraiths
  2 ancient zymes (Abyss:3)
  A hellwing (Depths:2)
  5 efreet (Zot:1)
  A jumping spider (shapeshifter) (Vaults:2)
  2 ice devils
  2 red devils
  A troll (shapeshifter) (Abyss:4)
  A queen bee (Lair:2)
  3 meliai (D:15)
  7 tengu conjurers
  11 trolls
  A hornet (shapeshifter) (D:15)
  7 tyrant leeches
  27 jumping spiders
  4 bog bodies
  14 blink frogs
  19 hornets
  10 dream sheep
  7 hippogriffs
  A slime creature (shapeshifter) (Vaults:5)
  3 dream sheep (shapeshifter)
  A frost giant simulacrum (Vaults:1)
  A snapping turtle (shapeshifter) (Depths:5)
  A stone giant simulacrum (Vaults:2)
  6 raiju
  101 slime creatures
  4 flying skulls (Abyss:3)
  30 yaks
  63 redbacks
  A shadow (Swamp:2)
  A tarantella (shapeshifter) (Vaults:5)
  2 wraiths (Depths:3)
  A ynoxinul (Abyss:3)
  7 spriggans
  32 tarantellas
  A yak (shapeshifter) (Vaults:1)
  3 wyverns
  2 hogs (shapeshifter)
  A spriggan (shapeshifter) (Depths:5)
  4 fire bats
  A human (shapeshifter) (Depths:4)
  6 basilisks
  A fire elemental (Elf:2)
  26 vampire mosquitoes
  A basilisk (shapeshifter) (D:15)
  2 hungry ghosts (D:9)
  2 hogs (Swamp:1)
  A neqoxec (Abyss:3)
  A warg (shapeshifter) (Vaults:5)
  5 large abominations
  A spriggan simulacrum (Depths:1)
  12 insubstantial wisps
  12 small abominations
  7 wargs
  18 soldier ants
  14 swamp worms
  3 acid dragons
  A floating eye (shapeshifter) (Vaults:2)
  6 water moccasins
  6 porcupines
  3 floating eyes
  38 orc warriors
  11 swamp drakes
  6 ice beasts
  An ice dragon simulacrum (Abyss:3)
  8 sky beasts
  3 black bears
  2 phantoms
  A boggart (shapeshifter) (Vaults:4)
  A slave (D:7)
  46 ogres
  4 eyes of draining
  8 boggarts
  12 centaurs
  10 wolves
  A wolf (shapeshifter) (Vaults:4)
  An ogre (shapeshifter) (Vaults:5)
  A centaur (shapeshifter) (Vaults:2)
  6 crocodiles
  2 big kobolds
  25 bullfrogs
  A wyvern zombie (D:12)
  A gnoll sergeant (Orc:1)
  3 earth elementals
  An ogre simulacrum (Vaults:1)
  13 human skeletons
  22 killer bees
  A killer bee (shapeshifter) (Vaults:5)
  8 wights
  3 howler monkeys
  13 crimson imps
  8 starcursed masses (Abyss:4)
  9 hounds
  20 orc priests
  A bullfrog zombie (D:12)
  3 centaur skeletons
  7 jellies
  4 bullfrog skeletons
  4 iron imps (Depths:5)
  39 orc wizards
  Jessica (D:2)
  Natasha (thrice) (D:4)
  3 iguanas
  34 worker ants
  A naga skeleton (Abyss:3)
  A hound zombie (D:7)
  A hound skeleton (D:4)
  A howler monkey zombie (D:7)
  14 gnolls
  9 adders
  4 shadow imps
  2 white imps (Depths:5)
  5 oozes
  An adder zombie (D:7)
  3 adder skeletons
  4 worms
  6 dart slugs
  7 leopard geckos
  100 orcs
  10 bats
  2 giant cockroaches (D:3)
  9 goblins
  7 hobgoblins
  9 jackals
  8 quokkas
  2 ball pythons
  7 frilled lizards
  21 kobolds
  A leopard gecko zombie (D:5)
  3 rats
  3 crawling corpses
  2 fungi
  2 plants
  3 starspawn tentacles (Abyss:3)
2510 creatures vanquished.

Vanquished Creatures (collateral kills)
  Mara (Swamp:4)
  Frederick (Vaults:3)
  A bone dragon (Elf:1)
  2 deep elf blademasters (Elf:3)
  A deep elf master archer (Elf:3)
  A storm dragon (Depths:5)
  A tengu reaver (Depths:5)
  2 emperor scorpions (Spider:4)
  3 deep elf sorcerers (Elf:3)
  A ghost moth (Spider:4)
  3 deep elf elementalists (Elf:3)
  A deep elf demonologist (Elf:3)
  An entropy weaver (Spider:2)
  2 deep elf annihilators (Elf:3)
  A catoblepas (D:9)
  A deep troll earth mage (Depths:5)
  A deep troll (Depths:5)
  A deep elf archer (Elf:1)
  2 yaktaurs (Depths:5)
  A jumping spider (Spider:2)
  4 hornets (Spider:4)
  3 slime creatures (D:14)
  A snapping turtle (shapeshifter) (Elf:3)
  A vampire mosquito (Swamp:4)
  A shadow imp (D:14)
38 creatures vanquished.

Vanquished Creatures (others)
  A fire giant (Depths:3)
  A ghost moth (Zot:3)
  A draconian stormcaller (Zot:1)
  An ironheart preserver (Vaults:5)
  A black draconian (Zot:1)
  A yaktaur captain (Vaults:5)
  An ogre mage (Depths:1)
  A thrashing horror (Abyss:3)
  A phantasmal warrior (Vaults:5)
  2 deep elf archers (Vaults:5)
  An orb spider (Spider:2)
  An ugly thing (D:14)
  A worldbinder (Abyss:3)
  A moth of wrath (Zot:1)
  4 yaktaurs
  A boggart (Vaults:2)
  An ogre (Zot:1)
  A small abomination (Abyss:3)
  An orc wizard (Depths:3)
  An iron imp (Depths:5)
  An adder skeleton (D:7)
  3 orcs
  A bush (Lair:2)
  A fire vortex (Abyss:4)
  3 fungi
  A lurking horror (Abyss:3)
  9 starspawn tentacles (Abyss:3)
43 creatures vanquished.

Grand Total: 2591 creatures vanquished

Notes
Turn   | Place    | Note
-------+----------+-------------------------------------------
     0 | D:1      | Cinder the Minotaur Berserker began the quest for the Orb.
     0 | D:1      | Reached XP level 1. HP: 19/19 MP: 0/0
   244 | D:1      | Reached XP level 2. HP: 27/27 MP: 1/1
   456 | D:1      | Reached XP level 3. HP: 33/33 MP: 2/2
   944 | D:2      | Reached ** piety under Trog
  1291 | D:2      | Noticed Jessica
  1296 | D:2      | Reached skill level 5 in Axes
  1296 | D:2      | Reached XP level 4. HP: 36/40 MP: 3/3
  1304 | D:2      | Killed Jessica
  1824 | D:3      | Reached XP level 5. HP: 39/47 MP: 4/4
  1932 | D:3      | Reached *** piety under Trog
  1956 | D:3      | Found a radiant altar of Vehumet.
  1956 | D:3      | Found a glowing silver altar of Zin.
  1956 | D:3      | Found a shadowy altar of Dithmenos.
  2063 | D:3      | Found a faded altar of an unknown god.
  2285 | D:3      | Reached skill level 5 in Fighting
  2553 | D:4      | Noticed Natasha
  2561 | D:4      | Killed Natasha
  2561 | D:4      | Reached XP level 6. HP: 47/56 MP: 5/5
  2931 | D:4      | Found a sacrificial altar of Ru.
  3089 | D:4      | Noticed Natasha
  3094 | D:4      | Killed Natasha
  3095 | D:4      | Noticed Natasha
  3108 | D:4      | Killed Natasha
  3449 | D:4      | Reached XP level 7. HP: 39/62 MP: 6/6
  3584 | D:4      | Found a shimmering altar of Xom.
  3791 | D:5      | Entered Level 5 of the Dungeon
  3837 | D:5      | Reached **** piety under Trog
  4330 | D:5      | Reached skill level 5 in Dodging
  4488 | D:5      | Found Heoreob's Weapon Shop.
  4961 | D:6      | Found a staircase to the Ecumenical Temple.
  5054 | D:6      | Reached XP level 8. HP: 71/71 MP: 7/7
  5294 | D:6      | Found a blossoming altar of Fedhas.
  5317 | D:6      | Found a shadowy altar of Dithmenos.
  5346 | D:6      | Noticed a hippogriff
  5362 | D:6      | Killed a hippogriff
  5699 | D:6      | Found a shimmering altar of Xom.
  6156 | D:7      | Reached skill level 10 in Axes
  6167 | D:7      | Reached skill level 1 in Evocations
  6402 | D:7      | Noticed Pikel
  6426 | D:7      | Killed Pikel
  6426 | D:7      | Reached XP level 9. HP: 59/81 MP: 9/9
  6447 | D:7      | Reached ***** piety under Trog
  6447 | D:7      | Reached skill level 5 in Armour
  6586 | D:7      | Found a glowing golden altar of the Shining One.
  6600 | D:7      | Found Mejosek's Magic Scroll Shop.
  6602 | D:7      | Found a shimmering blue altar of Sif Muna.
  6613 | D:7      | Bought a scroll of remove curse for 36 gold pieces
  6613 | D:7      | Bought a scroll of magic mapping for 42 gold pieces
  6613 | D:7      | Bought a scroll of enchant armour for 90 gold pieces
  6629 | D:7      | Noticed EpicUbivator's ghost (novice DrAE)
  6638 | D:7      | Found a transporter.
  6973 | D:7      | Found a transporter.
  7258 | D:8      | Found a hazy altar of Hepliaklqana.
  8263 | D:9      | Reached XP level 10. HP: 67/91 MP: 11/11
  8430 | D:9      | Noticed Joseph
  8440 | D:9      | Killed Joseph
  8918 | D:10     | Entered Level 10 of the Dungeon
  8967 | D:10     | Noticed a two-headed ogre
  8968 | D:10     | Noticed a catoblepas
  9202 | D:9      | Killed a catoblepas
  9502 | D:10     | Killed a two-headed ogre
  9583 | D:10     | Reached skill level 10 in Fighting
  9583 | D:10     | Reached skill level 5 in Evocations
  9584 | D:10     | Received a gift from Trog
  9821 | D:10     | Reached skill level 1 in Throwing
 10055 | D:10     | Reached XP level 11. HP: 100/100 MP: 13/13
 10104 | D:10     | Received a gift from Trog
 11247 | D:11     | Found a staircase to the Lair.
 11742 | D:11     | Found Nian's Armour Boutique.
 11750 | D:11     | Bought a +1 cloak of invisibility for 214 gold pieces
 12824 | D:12     | Identified the +8 giant spiked club "Efrimm" {vamp, rC+
                  | MP+9 Str+3} (You found it on level 12 of the Dungeon)
 12922 | D:12     | Found a staircase to the Orcish Mines.
 13107 | D:13     | Reached skill level 15 in Axes
 13438 | D:13     | Noticed Jorgrun
 13472 | D:13     | Killed Jorgrun
 13472 | D:13     | Reached skill level 10 in Armour
 13472 | D:13     | Reached XP level 12. HP: 27/111 MP: 14/14
 13837 | D:13     | Received a gift from Trog
 13943 | D:13     | Noticed a tengu warrior
 13968 | D:13     | Killed a tengu warrior
 14327 | D:13     | Noticed a tengu warrior
 14332 | D:13     | Killed a tengu warrior
 14332 | D:13     | Reached skill level 1 in Shields
 14569 | D:13     | Found a portal to a secret trove of treasure.
 15142 | D:14     | Noticed a centaur warrior
 15335 | D:14     | Killed a centaur warrior
 16077 | D:14     | Found a hazy altar of Hepliaklqana.
 16188 | D:14     | Noticed a centaur warrior
 16188 | D:14     | Noticed a centaur warrior
 16195 | D:13     | Killed a centaur warrior
 16244 | Lair:1   | Entered Level 1 of the Lair of Beasts
 16690 | Lair:1   | Noticed a five-headed hydra
 16700 | Lair:1   | Killed a five-headed hydra
 16860 | Lair:1   | Reached skill level 5 in Shields
 17729 | Lair:2   | Reached XP level 13. HP: 119/119 MP: 15/15
 18028 | Lair:2   | Found a staircase to the Swamp.
 19338 | Lair:3   | Received a gift from Trog
 20492 | Lair:4   | Found a hole to the Spider Nest.
 21400 | Lair:5   | Found a staircase to the Slime Pits.
 22955 | D:14     | Received a gift from Trog
 22958 | D:14     | Reached XP level 14. HP: 57/133 MP: 5/16
 23045 | D:13     | Reached skill level 10 in Shields
 23649 | D:14     | Reached skill level 15 in Fighting
 23726 | D:14     | Found a gate to the Vaults.
 23726 | D:14     | Noticed an ironheart preserver
 23736 | D:14     | Killed an ironheart preserver
 24283 | D:15     | Entered Level 15 of the Dungeon
 24567 | D:15     | Found Viot's General Store.
 24817 | D:15     | Found a white marble altar of Elyvilon.
 24879 | D:15     | Found a staircase to the Depths.
 25814 | D:15     | Received a gift from Trog
 25937 | Orc:1    | Entered Level 1 of the Orcish Mines
 25937 | Orc:1    | Found Kueties's Assorted Antiques.
 25952 | Orc:1    | Noticed an orc warlord
 26245 | Orc:1    | Killed an orc warlord
 26429 | Orc:1    | Found Qohoinuy's Assorted Antiques.
 26596 | Orc:2    | Entered Level 2 of the Orcish Mines
 26622 | Orc:2    | Found a roughly hewn altar of Beogh.
 26642 | Orc:2    | Noticed an orc warlord
 26666 | Orc:2    | Killed an orc warlord
 26801 | Orc:2    | Reached skill level 10 in Dodging
 27063 | Orc:2    | Found a staircase to the Elven Halls.
 27292 | Orc:2    | Reached XP level 15. HP: 141/141 MP: 5/17
 27352 | Orc:2    | Found Taqate Xule's Antique Weapon Emporium.
 27382 | Orc:2    | Found an ancient bone altar of Kikubaaqudgha.
 27382 | Orc:2    | Noticed Nergalle
 27392 | Orc:2    | Received a gift from Trog
 27396 | Orc:2    | Killed Nergalle
 27406 | Orc:2    | Found Rixtag's Magic Scroll Emporium.
 27430 | Orc:2    | Found a radiant altar of Vehumet.
 27474 | Orc:2    | Found a roughly hewn altar of Beogh.
 27479 | Orc:2    | Found Peschezec's Distillery.
 27494 | Orc:2    | Found Ciomun Mouhu's Gadget Shoppe.
 27527 | Orc:2    | Bought a potion of curing for 39 gold pieces
 27527 | Orc:2    | Bought a potion of heal wounds for 65 gold pieces
 28306 | Orc:1    | Found a bloodstained altar of Trog.
 28463 | Orc:1    | Upgraded the game from 0.25-a0-94-g9e23508adf to
                  | 0.25-a0-96-g4073cf80fb
 28526 | Swamp:1  | Entered Level 1 of the Swamp
 29258 | Swamp:1  | Received a gift from Trog
 29622 | Swamp:1  | Noticed Roxanne
 31172 | Swamp:1  | Noticed Kirke
 31187 | Swamp:1  | Killed Kirke
 32120 | Swamp:3  | Received a gift from Trog
 32124 | Swamp:3  | Identified a scroll of acquirement
 32436 | Swamp:3  | Found the +18 shield of the Gong {rElec rN+ MR+ EV-5}
 32858 | Swamp:4  | Entered Level 4 of the Swamp
 34045 | Swamp:4  | Noticed a thorn hunter
 34116 | Swamp:4  | Killed a thorn hunter
 34116 | Swamp:4  | Reached XP level 16. HP: 132/149 MP: 7/21
 34118 | Swamp:4  | Reached skill level 15 in Shields
 35109 | Swamp:4  | Noticed Mara
 35141 | Swamp:4  | Noticed Cinder's illusion
 35141 | Swamp:4  | Killed Mara
 35804 | Swamp:4  | Got a decaying rune of Zot
 36245 | Elf:1    | Entered Level 1 of the Elven Halls
 36291 | Elf:1    | Reached skill level 10 in Evocations
 36522 | Elf:1    | Received a gift from Trog
 37117 | Elf:1    | Reached skill level 15 in Armour
 37210 | Elf:1    | Reached ****** piety under Trog
 37211 | Elf:1    | Cast into level 3 of the Abyss (a deep elf demonologist)
 37331 | Abyss:3  | Found a corrupted altar of Lugonu.
 37385 | Abyss:3  | Noticed a tentacled starspawn
 37804 | Abyss:3  | Noticed a tentacled starspawn
 37813 | Abyss:3  | Noticed a tentacled starspawn
 37815 | Abyss:3  | Killed a tentacled starspawn
 37852 | Abyss:3  | Killed a tentacled starspawn
 37852 | Abyss:3  | Reached XP level 17. HP: 91/156 MP: 8/24
 37870 | Abyss:3  | Paralysed by accursed screaming for 1 turns
 38095 | Abyss:4  | Got an iridescent dagger
 38191 | Abyss:4  | Noticed a bone dragon
 38199 | Elf:1    | Escaped the Abyss
 38206 | Elf:1    | Received a gift from Trog
 38230 | Elf:1    | Killed a bone dragon
 38565 | Elf:1    | Found a runed translucent gate.
 38565 | Elf:1    | Found a runed translucent gate.
 38565 | Elf:1    | Found a runed translucent gate.
 38565 | Elf:1    | Found a runed translucent gate.
 38565 | Elf:1    | Found a runed translucent gate.
 38567 | Elf:1    | Found a runed translucent gate.
 38993 | Elf:1    | Identified the cursed +2 dagger of Muodwiunk {chaos, *Drain
                  | rPois rF+ Str+2} (You found it on level 4 of the Abyss)
 39208 | Elf:1    | Found a shimmering altar of Xom.
 39208 | Elf:1    | Noticed Vogetsu's ghost (adept MiFi)
 39209 | Elf:1    | Found a runed translucent door.
 39405 | Elf:2    | Found a runed translucent gate.
 39405 | Elf:2    | Found a runed translucent gate.
 39555 | Elf:2    | Found a runed translucent gate.
 39555 | Elf:2    | Found a runed translucent gate.
 39555 | Elf:2    | Found a runed translucent gate.
 39557 | Elf:2    | Noticed iVAG's ghost (adept TeCj)
 39592 | Elf:2    | Killed iVAG's ghost
 39735 | Elf:2    | Identified the +6 glaive of Eternity {holy, Str+3 Dex+5}
                  | (You found it on level 2 of the Elven Halls)
 39827 | Elf:2    | Found a runed translucent gate.
 40461 | Elf:2    | Noticed a deep elf blademaster
 40486 | Elf:2    | Killed a deep elf blademaster
 40968 | Elf:2    | Received a gift from Trog
 41608 | Spider:1 | Entered Level 1 of the Spider Nest
 42521 | Spider:1 | You fall into a shaft and drop 1 floor!
 42763 | Spider:1 | Noticed Aizul
 42784 | Spider:1 | Killed Aizul
 43308 | Spider:1 | Reached XP level 18. HP: 163/163 MP: 8/26
 43857 | Spider:2 | Received a gift from Trog
 44706 | Spider:2 | Noticed Donald
 44726 | Spider:2 | Killed Donald
 45880 | Spider:3 | Received a gift from Trog
 46116 | Spider:3 | Identified the -5 hat of Elyvilon's Approval {rPois Stlth+}
                  | (You found it on level 3 of the Spider Nest)
 46133 | Spider:4 | Entered Level 4 of the Spider Nest
 47894 | Spider:4 | Got a gossamer rune of Zot
 48152 | Vaults:1 | Entered Level 1 of the Vaults
 48163 | Vaults:1 | Received a gift from Trog
 48341 | Vaults:1 | Reached XP level 19. HP: 128/170 MP: 9/28
 48707 | Vaults:1 | Found Irhirrad's Gadget Boutique.
 49236 | Vaults:1 | Found Jugaakk's Antique Armour Shop.
 49477 | Vaults:1 | Found Wiaram Opni's Book Emporium.
 49586 | Vaults:1 | Received a gift from Trog
 49843 | Vaults:1 | Found Dinyel's Gadget Shoppe.
 50176 | Vaults:1 | Found Nonkyryo's Jewellery Emporium.
 50179 | Vaults:1 | Bought an uncursed ring of protection from magic for 425
                  | gold pieces
 50316 | Vaults:2 | Received a gift from Trog
 50482 | Vaults:2 | Paralysed by a floating eye for 3 turns
 50747 | Vaults:2 | Received a gift from Trog
 50995 | Vaults:2 | Found Petiakab's Jewellery Emporium.
 51127 | Vaults:2 | Reached skill level 15 in Evocations
 51844 | Vaults:2 | Bought the ring of the Mage {Wiz MR++ Int+3} for 827 gold
                  | pieces
 51844 | Vaults:2 | Found the ring of the Mage {Wiz MR++ Int+3}
 52341 | Vaults:3 | Noticed Frederick
 52361 | Vaults:3 | Killed Frederick
 52855 | Vaults:3 | Reached XP level 20. HP: 153/183 MP: 10/30
 52863 | Vaults:3 | Reached skill level 5 in Throwing
 52964 | Vaults:3 | Received a gift from Trog
 53740 | Vaults:3 | Found a radiant altar of Vehumet.
 53991 | Vaults:3 | Found a staircase to the Crypt.
 54219 | Vaults:4 | Received a gift from Trog
 54638 | Vaults:4 | Upgraded the game from 0.25-a0-96-g4073cf80fb to
                  | 0.25-a0-98-g0cf78c2f83
 54873 | Vaults:4 | Received a gift from Trog
 55077 | Vaults:4 | Received a gift from Trog
 55300 | Vaults:4 | Received a gift from Trog
 56336 | Elf:3    | Entered Level 3 of the Elven Halls
 56344 | Elf:3    | Found Hintoc's Antique Armour Boutique.
 56352 | Elf:3    | Bought a pair of embroidered boots for 157 gold pieces
 56352 | Elf:3    | Bought a pair of runed gloves for 157 gold pieces
 56846 | Elf:3    | Reached XP level 21. HP: 159/195 MP: 10/31
 57108 | Elf:3    | Received a gift from Trog
 57109 | Elf:3    | Found the +12 glaive of Prune {chop}
 57154 | Elf:3    | Noticed Nikola
 57164 | Elf:3    | Killed Nikola
 57523 | Elf:3    | Identified the +9 dagger of Corporal Punishment {holy,
                  | rF++}
 57577 | Elf:3    | Identified the +5 scale mail of the Black Moon {rC- rN+++
                  | Dex+5}
 57588 | Elf:3    | Identified the +12 double sword of Fate {slice, Str+7
                  | Stlth+}
 57606 | Elf:3    | Identified the +7 halberd of Mana {speed, Int+2 Dex+2}
 57921 | Elf:3    | Reached skill level 10 in Throwing
 58297 | Elf:3    | Received a gift from Trog
 58626 | Elf:3    | Identified the Collected Works on Enthralling Lightness
 58668 | Elf:3    | Identified the +3 pair of gloves of the Evil One {Dex+3}
                  | (You found it on level 3 of the Elven Halls)
 58765 | Elf:3    | Upgraded the game from 0.25-a0-98-g0cf78c2f83 to
                  | 0.25-a0-100-g33052ceff8
 59037 | D:13     | You paid a toll of 7 scrolls of blinking to enter a
                  | treasure trove
 59038 | Trove    | Entered a treasure trove
 59042 | Trove    | Found the +2 pair of boots of the Assassin {Detection Stab+
                  | Stlth++}
 59094 | Trove    | Got a sheer robe
 59097 | Trove    | Got a dazzling scale mail
 59142 | D:13     | Identified the +1 robe "Dosurum" {+Inv rPois rF+++ MR-
                  | Dex-3} (You found it in a treasure trove)
 59143 | D:13     | Identified the cursed +0 scale mail "Hunn" {MR+} (You found
                  | it in a treasure trove)
 59292 | Depths:1 | Entered Level 1 of the Depths
 59588 | Depths:1 | You fall into a shaft and drop 1 floor!
 59611 | Depths:2 | Received a gift from Trog
 59614 | Depths:2 | Identified the +9 broad axe of the Final Decision {holy,
                  | MR+ Str+4 SInv} (Trog gifted it to you on level 2 of the
                  | Depths)
 60231 | Depths:2 | Found a one-way gate to the infinite horrors of the Abyss.
 60234 | Depths:2 | Noticed Louise
 60281 | Depths:2 | Killed Louise
 60636 | Depths:2 | Found a gateway to a ziggurat.
 60641 | Depths:2 | Received a gift from Trog
 60652 | Depths:2 | Found a runed translucent gate.
 60654 | Depths:2 | Found a runed translucent gate.
 60655 | Depths:2 | Found a runed translucent gate.
 60656 | Depths:2 | Noticed Zargheaku's ghost (veteran GnWz)
 60658 | Depths:2 | Found a viscous altar of Jiyva.
 61406 | Depths:2 | Found a gateway to Hell.
 61712 | Depths:1 | Received a gift from Trog
 62337 | Depths:1 | Reached XP level 22. HP: 190/209 MP: 10/32
 63260 | Depths:3 | Found a one-way gate leading to the halls of Pandemonium.
 63493 | Depths:3 | Paralysed by a floating eye for 2 turns
 63531 | Depths:3 | Received a gift from Trog
 63760 | Depths:3 | Noticed a golden dragon
 63770 | Depths:3 | Killed a golden dragon
 64189 | Depths:3 | Received a gift from Trog
 64375 | Depths:3 | Identified the ring of Zeghoel {Int+2 Dex+4} (You found it
                  | on level 3 of the Depths)
 64464 | Depths:3 | Received a gift from Trog
 64548 | Depths:3 | Identified the ring of Finality {rF+ AC+3 Int+4} (You found
                  | it on level 3 of the Depths)
 64565 | Depths:3 | Found Duhobic's Gadget Emporium.
 64583 | Depths:3 | Bought a sack of spiders for 320 gold pieces
 64583 | Depths:3 | Bought a sack of spiders for 320 gold pieces
 64636 | Depths:3 | Identified the +1 robe of Youthful Indiscretion {rN++ MR-
                  | Dex+2} (You found it on level 3 of the Depths)
 64638 | Depths:3 | Identified the +5 whip of Invincibility {slash, rC+ SInv}
                  | (You found it on level 3 of the Depths)
 64656 | Depths:3 | Identified the ring of Lady Luck {+Fly Str+5}
 64733 | Depths:3 | Found Molus's General Store.
 64741 | Depths:3 | Bought a wand of clouds (5) for 540 gold pieces
 65050 | Depths:4 | Found a shattered altar of Ashenzari.
 65448 | Depths:4 | Received a gift from Trog
 65455 | Depths:4 | Reached skill level 15 in Throwing
 66087 | Depths:4 | Reached XP level 23. HP: 179/215 MP: 11/33
 66300 | Depths:4 | Noticed a juggernaut
 66309 | Depths:4 | Paralysed by a floating eye for 4 turns
 66311 | Depths:4 | Identified the +7 flail of Honesty {crush, +Rage rPois
                  | Str+4 Dex-4}
 66325 | Depths:4 | Killed a juggernaut
 67094 | Depths:4 | Received a gift from Trog
 67886 | Depths:5 | Entered Level 5 of the Depths
 68635 | Depths:5 | Received a gift from Trog
 68707 | Depths:5 | Received a gift from Trog
 69079 | Depths:5 | Identified the +1 robe of Nusky {+Blink MR++ Dex-5}
 69587 | Depths:5 | Found a gate to the Realm of Zot.
 70664 | Vaults:5 | Entered Level 5 of the Vaults
 70688 | Vaults:5 | Reached XP level 24. HP: 218/224 MP: 33/33
 70690 | Vaults:5 | Received a gift from Trog
 70714 | Vaults:5 | Received a gift from Trog
 70739 | Vaults:5 | Received a gift from Trog
 70756 | Vaults:4 | Received a gift from Trog
 71768 | Vaults:5 | Received a gift from Trog
 71955 | Vaults:5 | Got a silver rune of Zot
 72074 | Vaults:5 | Found the +10 morningstar "Eos" {elec, Halo rElec}
 72089 | Vaults:5 | Identified the ring of Ozakoeh {rF+ rN+ MR++ Str-3 Dex+2}
                  | (You found it on level 5 of the Vaults)
 72264 | Vaults:5 | Reached XP level 25. HP: 231/231 MP: 33/33
 72715 | Slime:1  | Entered Level 1 of the Pits of Slime
 72861 | Slime:1  | Received a gift from Trog
 73506 | Slime:5  | Entered Level 5 of the Pits of Slime
 73512 | Slime:5  | Received a gift from Trog
 73525 | Slime:5  | Gained mutation: You do not regenerate when monsters are
                  | visible. [a shining eye]
 73529 | Slime:5  | Gained mutation: Scrolls take you a little longer to read.
                  | [a shining eye]
 73589 | Slime:5  | Noticed the Royal Jelly
 73603 | Slime:5  | Killed the Royal Jelly
 73874 | Slime:5  | Gained mutation: You are dopey. (Int -2) [a shining eye]
 74207 | Slime:5  | Got a slimy rune of Zot
 74230 | Slime:5  | Identified the ring "Umeujuxed" {+Blink rF+} (You found it
                  | on level 5 of the Pits of Slime)
 74270 | Slime:5  | Identified the ring "Xakotam" {rC+ Int+3 Slay+5} (You found
                  | it on level 5 of the Pits of Slime)
 74287 | Slime:5  | Identified the Compendium of Boosting Air
 74837 | Zot:1    | Entered Level 1 of the Realm of Zot
 75117 | Zot:1    | Received a gift from Trog
 75565 | Zot:1    | Received a gift from Trog
 75572 | Zot:1    | Found a runed translucent gate.
 75572 | Zot:1    | Found a runed translucent gate.
 75572 | Zot:1    | Found an opulent altar of Gozag.
 75573 | Zot:1    | Found a runed translucent gate.
 75574 | Zot:1    | Noticed Xeragriu's ghost (legendary GrFi)
 75574 | Zot:1    | Found Oceloyl's Assorted Antiques.
 75600 | Zot:1    | Reached XP level 26. HP: 204/239 MP: 24/33
 75610 | Zot:1    | Gained mutation: Your magical capacity is low. (-10% MP) [a
                  | neqoxec]
 75613 | Zot:1    | Killed Xeragriu's ghost
 75652 | Zot:1    | Lost mutation: You are dopey. (Int -2) [potion of mutation]
 75652 | Zot:1    | Lost mutation: Scrolls take you a little longer to read.
                  | [potion of mutation]
 75652 | Zot:1    | Gained mutation: Your body sometimes deteriorates upon
                  | taking damage. [potion of mutation]
 75652 | Zot:1    | Gained mutation: You expend magic power (3 MP) to
                  | strengthen your wands. [potion of mutation]
 75653 | Zot:1    | Lost mutation: Your body sometimes deteriorates upon taking
                  | damage. [potion of mutation]
 75653 | Zot:1    | Lost mutation: You expend magic power (3 MP) to strengthen
                  | your wands. [potion of mutation]
 75653 | Zot:1    | Gained mutation: Your system is resistant to poisons.
                  | (rPois) [potion of mutation]
 75653 | Zot:1    | Lost mutation: Your system is resistant to poisons. (rPois)
                  | [potion of mutation]
 75653 | Zot:1    | Gained mutation: You are resistant to electric shocks.
                  | (rElec) [potion of mutation]
 76165 | Zot:2    | Reached skill level 27 in Axes
 76392 | Zot:2    | Noticed an orb of fire
 76410 | Zot:2    | Killed an orb of fire
 76829 | Zot:2    | Found a large runed translucent door.
 76829 | Zot:2    | Found a large runed translucent door.
 76829 | Zot:2    | Noticed Kejih's ghost (legendary NaHu)
 76886 | Zot:2    | Killed Kejih's ghost
 77132 | Zot:3    | Received a gift from Trog
 77138 | Zot:3    | Reached skill level 27 in Shields
 77149 | Zot:3    | Noticed an orb of fire
 77153 | Zot:3    | Gained mutation: Armour fits poorly on your strangely
                  | shaped body. [an orb of fire]
 77165 | Zot:2    | Gained mutation: You are clumsy. (Dex -2) [an orb of fire]
 77172 | Zot:2    | Gained mutation: You evolve. [an orb of fire]
 77176 | Zot:2    | Killed an orb of fire
 77195 | Zot:3    | Noticed an orb of fire
 77324 | Zot:3    | Gained mutation: You are very clumsy. (Dex -4) [an orb of
                  | fire]
 77328 | Zot:3    | Gained mutation: Your magical capacity is very low. (-20%
                  | MP) [an orb of fire]
 77478 | Zot:3    | Killed an orb of fire
 77526 | Zot:3    | Identified the +3 broad axe "Leteit" {drain, +Inv Str-4
                  | Dex+2 Stlth+} (Trog gifted it to you on level 3 of the
                  | Realm of Zot)
 77788 | Zot:4    | Found a huge runed gate.
 77788 | Zot:4    | Found a huge runed gate.
 77788 | Zot:4    | Found a huge runed gate.
 77789 | Zot:4    | Found a huge runed gate.
 77789 | Zot:4    | Found a huge runed gate.
 77790 | Zot:4    | Found a huge runed gate.
 77790 | Zot:4    | Found a huge runed gate.
 77845 | Zot:4    | Reached XP level 27. HP: 253/253 MP: 26/26
 78672 | Zot:4    | Found a huge runed gate.
 78672 | Zot:4    | Found a huge runed gate.
 78672 | Zot:4    | Found a huge runed gate.
 78696 | Zot:4    | Found a huge runed gate.
 78696 | Zot:4    | Found a huge runed gate.
 78784 | Zot:4    | Found a huge runed gate.
 78784 | Zot:4    | Found a huge runed gate.
 78785 | Zot:4    | Found a huge runed gate.
 78788 | Zot:4    | Found a huge runed gate.
 78789 | Zot:4    | Found a huge runed gate.
 78789 | Zot:4    | Found a huge runed gate.
 78789 | Zot:4    | Found a huge runed gate.
 78789 | Zot:4    | Found a huge runed gate.
 78791 | Zot:4    | Identified the +11 hand axe of the Manifold Ships
                  | {antimagic, Str+4}
 78791 | Zot:4    | Noticed an orb of fire
 78791 | Zot:4    | Noticed an ancient lich
 78791 | Zot:4    | Noticed an orb of fire
 78791 | Zot:4    | Noticed an orb of fire
 78791 | Zot:4    | Gained mutation: Your body sometimes deteriorates upon
                  | taking damage. [an orb of fire]
 78807 | Zot:4    | Gained mutation: Scrolls take you a little longer to read.
                  | [an orb of fire]
 78811 | Zot:4    | Killed an orb of fire
 78820 | Zot:4    | Killed an orb of fire
 78826 | Zot:4    | Gained mutation: You are weak. (Str -2) [a cacodemon]
 78831 | Zot:4    | Gained mutation: You are frail. (-10% HP) [an orb of fire]
 78834 | Zot:4    | Killed an orb of fire
 78840 | Zot:4    | Killed an ancient lich
 78848 | Zot:4    | Received a gift from Trog
 79338 | Zot:4    | Lost mutation: You are weak. (Str -2) [evolution]
 79426 | Zot:4    | Identified the cursed +1 mace of the Goat {venom, MR+
                  | Str+6}
 79661 | Zot:5    | Entered Level 5 of the Realm of Zot
 79830 | Zot:5    | Found a runed translucent gate.
 79830 | Zot:5    | Found a runed translucent gate.
 79832 | Zot:5    | Found a runed translucent gate.
 79833 | Zot:5    | Noticed vvokhom's ghost (legendary MiBe)
 80720 | Zot:5    | Noticed an ancient lich
 80739 | Zot:5    | Killed an ancient lich
 80749 | Zot:5    | HP: 7/243 [quicksilver dragon (11)]
 80750 | Zot:5    | Killed from afar by a quicksilver dragon

Levels and vault maps discovered:
D:1:      eino_arrival_tree_alley, layout_loops_ring
D:2:      layout_loops_ring, first_ration, uniq_jessica
D:3:      layout_loops_ring, chequers_temple_overflow_statue_of_worship,
          chequers_ecumenical_altar_simple
D:4:      layout_gridville, lemuel_crystal_altar, marbit_many_paths,
          uniq_natasha
D:5:      layout_loops_ring, serial_shops, shop_fountains
D:6:      layout_loops_ring, nicolae_overflow_crystal_walls,
          minmay_temple_entry_waves, basic_altar, minmay_misc_feat_more_columns,
          chequers_serial_rivers_large_b, tgw_xom
D:7:      layout_basic, lemuel_round_altar, gammafunk_ghost_stat_death,
          serial_shops, shop, basic_altar, minmay_fractal_squares_diagonal_5,
          uniq_pikel
D:8:      layout_loops_ring, nicolae_overflow_hidden_temple
D:9:      layout_roguey, uniq_joseph
D:10:     layout_roguey
D:11:     layout_basic, lair_entry_dummy, serial_shops, shop
D:12:     layout_rooms, orc_0_dummy
D:13:     layout_loops_ring, nicolae_trove_entry_diagonal, uniq_jorgrun
D:14:     layout_irregular_city, skrybe_vaults_entry_preservation,
          lemuel_round_altar, grunt_ogre_cave
D:15:     grunt_enter_depths_snipers, layout_stronghold, elyvilon_altar_3,
          minmay_shop_grid_forest
Lair:1:   layout_loops_ring, grunt_megastairs_3
Lair:2:   layout_gridlike, minmay_swamp_entry_wisps, special_room
          [special_room_bee]
Lair:3:   layout_chaotic_city
Lair:4:   layout_cave_pods, nicolae_spider_entry_orb_guardian,
          grunt_megastairs_5
Lair:5:   layout_loops_ring, nicolae_slime_entry_slimehenge, grunt_megastairs_2
Swamp:1:  layout_basic_swamp, serial_swamp_ruin, evilmike_swamp_ruin_house_4,
          evilmike_swamp_ruin_rubble_2, evilmike_swamp_ruin_house_6,
          swamp_pool3, uniq_roxanne, uniq_kirke
Swamp:2:  layout_falls_marsh, evilmike_swamp_ruin_house_1
Swamp:3:  layout_basic_swamp, evilmike_swamp_ruin_rubble_1, swamp_pool4,
          infiniplex_staircase_pool_2
Swamp:4:  swamp, layout_basic_swamp, swamp_pool2, uniq_mara
Spider:1: layout_chambers, uniq_aizul
Spider:2: cheibrodos_spider_silkery, zaba_anthell, uniq_donald
Spider:3: layout_spider_delve, einodemon_crawler_minivault
Spider:4: spider_rune_water
Slime:1:  cheibrodos_slime_lost_civilization_10, layout_caves
Slime:2:  layout_caves
Slime:3:  layout_caves
Slime:4:  layout_caves
Slime:5
Orc:1:    layout_caves, serial_shops, shop_statue,
          nicolae_shop_temple_entry_statues_fountains, trog_book
Orc:2:    kennysheep_orc_mage_school, layout_diamond_mine, mines1_david
Elf:1:    eino_elf_arrival_customs, layout_loops_ring, serial_glass,
          glass_columns_c, glass_columns_b, minmay_strange_pillars,
          minmay_strange_pillars, feat_on_display, minmay_strange_pillars,
          ebering_ghost_xom, orc_legates, palyth_stone_intersect,
          hangedman_elven_ridges
Elf:2:    layout_rooms, ebering_ghost_rock_garden, lemuel_flamethrower_3
Elf:3:    elf_hall, layout_gridlike, serial_shops, shop_fountains, uniq_nikola
Vaults:1: ontoclasm_vaults_spin, v_pattern_1, v_misc_2, grunt_vaults_focal,
          ontoclasm_vaults_eye, v_misc_2, nicolae_vaults_network_periphery,
          nicolae_vaults_theta, vaults_room_stairs_pillars,
          layout_vaults_omnigrid, serial_shops, shop,
          nicolae_shop_window_shopping, shop, shop_statue, shop
Vaults:2: ontoclasm_vaults_loading_screen, hangedman_vaults_variations,
          nicolae_vaults_little_ls, v_misc_23, v_misc_23,
          nicolae_vaults_network_s, vaults_room_fours, ontoclasm_vaults_gateway,
          vaults_room_guarded_vault, v_misc_30, serial_ice_m,
          nicolae_vaults_specimen_jars, vaults_room_fours, layout_vaults_ring,
          serial_shops, nicolae_shop_waterfront
Vaults:3: minmay_crypt_entry_simple_walls, vaults_mumra_minichess, v_misc_14,
          v_alt_pattern_3, grunt_vaults_bifocal, v_misc_22, v_alt_pattern_2,
          vaults_room_pool, grunt_tower_of_power, vaults_room_hallway,
          hangedman_vaults_maws, nicolae_vaults_big_angled_halls,
          vaults_standard_mumra_x, layout_vaults_omnicross, uniq_frederick
Vaults:4: hangedman_vaults_unwind, hangedman_vaults_restitches,
          nicolae_vaults_network_square, dpeg_vaults_monster_row,
          grunt_vaults_twisty, ontoclasm_vaults_gallery,
          hangedman_vaults_capsules, layout_vaults_big_room
Vaults:5
Depths:1: layout_cave_shapes, abyss_entry, pf_hell_entry_tar_river,
          serial_sigils_hangedman_clutch, wad_dig_loot
Depths:2: minmay_polygon_palace, layout_gridville, enter_ziggurat_c,
          nicolae_abyss_entry_one_way_or_another, hellmouth_1,
          gammafunk_ghost_ooze, serial_sigils_hangedman_gut, minivault_1
Depths:3: hangedman_spin_cycle, hell_entry, pan_entry
Depths:4: kennysheep_large_vault, layout_basic, abyss_entry,
          hangedman_coc_ice_floe, ashenzari_altar_1, evilmike_butchery,
          infiniplex_staircase_door_maze
Depths:5: evilmike_zot_entry_diamond, layout_basic,
          grunt_hell_entry_demonic_statue
Zot:1:    lemuel_halls_of_wrath, layout_concentric_octagons, ebering_ghost_gozag
Zot:2:    layout_onion_interference, ebering_ghost_disaster_area
Zot:3:    layout_onion_interference
Zot:4:    minmay_elemental_castle, layout_basic, hangedman_zot_wheel_spokes,
          door_vault
Zot:5:    layout_gridlike, gammafunk_ghost_tricky_traps

Skill      XL: |  1  2  3  4  5  6  7  8  9 10 11 12 13 14 15 16 17 18 19 20 21 22 23 24 25 26 27 |
---------------+----------------------------------------------------------------------------------+-----
Axes           | 4 5 6 7 9 10 12 13 15 17 18 19 20 22 24 26 27 | 27.0
Fighting       | 4 5 6 8 9 10 11 12 14 15 16 18 19 20 21 26 | 26.8
Dodging        | 3 4 5 10 | 10.0
Armour         | 4 6 8 10 12 15 17 18 20 | 20.0
Evocations     | 2 3 5 8 11 12 14 15 | 15.0
Throwing       | 1 3 4 9 11 15 16 | 16.0
Shields        | 5 9 13 14 15 17 18 20 21 23 25 27 | 27.0

Action                   |  1- 3 |  4- 6 |  7- 9 | 10-12 | 13-15 | 16-18 | 19-21 | 22-24 | 25-27 || total
-------------------------+-------+-------+-------+-------+-------+-------+-------+-------+-------++-------
Melee: Hand axe          |    87 |   167 |    93 |       |       |       |       |       |       ||   347
       Headbutt          |    20 |    31 |    73 |   164 |   333 |   364 |   481 |   445 |   413 ||  2324
       War axe           |       |       |   206 |   690 |   223 |    51 |       |       |       ||  1170
       Broad axe         |       |       |       |       |  1139 |  1674 |  1895 |  1502 |  1400 ||  7610
Throw: Dart              |       |       |       |       |     7 |       |       |       |       ||     7
       Javelin           |       |       |       |       |       |       |       |    18 |     7 ||    25
       Throwing net      |       |       |       |       |       |       |       |       |     1 ||     1
Invok: Berserk           |       |       |       |     3 |     2 |       |       |       |       ||     5
       Brothers in Arms  |       |       |       |     2 |       |     6 |     4 |     3 |       ||    15
       Trog's Hand       |       |       |       |     1 |    10 |     5 |     2 |     1 |     2 ||    21
 Abil: Evoke Invisibilit |       |       |       |     3 |       |       |       |       |     4 ||     7
Evoke: Wand              |       |     1 |       |    13 |     2 |     2 |     6 |       |     4 ||    28
       Lightning rod     |       |       |       |     1 |       |     1 |       |       |       ||     2
       Phial of floods   |       |       |       |       |       |     1 |     1 |       |       ||     2
  Use: Scroll            |     2 |     1 |       |    21 |     9 |    14 |    12 |    20 |    13 ||    92
       Potion            |       |       |       |     1 |       |    10 |       |     3 |    14 ||    28
 Stab: Paralysed         |       |     2 |       |     3 |       |     2 |     2 |       |       ||     9
       Invisible         |       |       |       |     4 |       |       |       |       |    53 ||    57
       Confused          |       |       |       |       |       |     1 |       |       |       ||     1
       Held in net/web   |       |       |       |       |       |     2 |       |       |       ||     2
       Distracted        |       |       |       |       |       |     1 |     1 |     1 |       ||     3
  Eat: Chunk             |     1 |     7 |    13 |    27 |    51 |    41 |    35 |    23 |    15 ||   213
       Ration            |       |       |     1 |     3 |     2 |     3 |     4 |     4 |     4 ||    21
Armor: Scale mail        |    30 |    71 |    90 |     8 |       |       |       |       |       ||   199
       Animal skin       |     2 |       |       |       |       |       |       |       |       ||     2
       Plate armour      |       |       |       |   274 |   453 |    67 |       |       |       ||   794
       Gold dragon scale |       |       |       |       |       |   709 |   608 |   629 |   805 ||  2751
       Swamp dragon scal |       |       |       |       |       |    26 |       |       |       ||    26
Dodge: Dodged            |    50 |    77 |   162 |   271 |   497 |   607 |   294 |   357 |   356 ||  2671
Block: Buckler           |       |       |       |    26 |   327 |       |       |       |       ||   353
       Shield            |       |       |       |       |    61 |  1002 |  1097 |       |       ||  2160
       Large shield      |       |       |       |       |       |       |   446 |  1554 |  1578 ||  3578
       Reflection        |       |       |       |       |       |       |    33 |    61 |    12 ||   106

Table legend:
 A = Non-vault XP
 B = Vault XP
 C = Vault XP percentage of total XP
 D = Non-vault monster count
 E = Vault monster count
 F = Vault count percentage of total count
                 A         B        C        D         E       F
            +---------+---------+-------+---------+---------+-------
      Total |  930179 |  795267 |  46.1 |    1661 |     878 |  34.6
            +---------+---------+-------+---------+---------+-------
        D:1 |      46 |       0 |   0.0 |      25 |       0 |   0.0
        D:2 |      96 |      37 |  27.8 |      29 |       1 |   3.3
        D:3 |     176 |       0 |   0.0 |      27 |       0 |   0.0
        D:4 |     389 |      38 |   8.9 |      12 |       2 |  14.3
        D:5 |     417 |       0 |   0.0 |      21 |       0 |   0.0
        D:6 |     551 |     277 |  33.5 |      10 |       4 |  28.6
        D:7 |    1026 |     827 |  44.6 |      24 |       6 |  20.0
        D:8 |     285 |       0 |   0.0 |       5 |       0 |   0.0
        D:9 |    2649 |     430 |  14.0 |      26 |       1 |   3.7
       D:10 |    4318 |       0 |   0.0 |      40 |       0 |   0.0
       D:11 |    3083 |       0 |   0.0 |      30 |       0 |   0.0
       D:12 |    4713 |       0 |   0.0 |      40 |       0 |   0.0
       D:13 |    7083 |    2749 |  28.0 |      25 |       1 |   3.8
       D:14 |   12453 |    5423 |  30.3 |      37 |      10 |  21.3
       D:15 |   13731 |    2294 |  14.3 |      39 |       3 |   7.1
     Lair:1 |    4411 |     124 |   2.7 |      16 |       1 |   5.9
     Lair:2 |    3751 |    2306 |  38.1 |      21 |      25 |  54.3
     Lair:3 |    6580 |       0 |   0.0 |      29 |       0 |   0.0
     Lair:4 |    6815 |    1551 |  18.5 |      18 |       7 |  28.0
     Lair:5 |    2344 |     215 |   8.4 |       9 |       5 |  35.7
    Swamp:1 |   14815 |    2555 |  14.7 |      39 |       3 |   7.1
    Swamp:2 |    8345 |       0 |   0.0 |      24 |       0 |   0.0
    Swamp:3 |    9488 |    2848 |  23.1 |      26 |       3 |  10.3
    Swamp:4 |    9288 |   21411 |  69.7 |      23 |      23 |  50.0
   Spider:1 |   18410 |    1610 |   8.0 |      50 |       1 |   2.0
   Spider:2 |   15491 |   15120 |  49.4 |      36 |      60 |  62.5
   Spider:3 |    8720 |    1820 |  17.3 |      25 |       8 |  24.2
   Spider:4 |   18081 |   16618 |  47.9 |      46 |      36 |  43.9
    Slime:1 |   21048 |       0 |   0.0 |      38 |       0 |   0.0
    Slime:2 |    4490 |       0 |   0.0 |       7 |       0 |   0.0
    Slime:3 |     807 |       0 |   0.0 |       3 |       0 |   0.0
    Slime:4 |    2644 |       0 |   0.0 |       1 |       0 |   0.0
    Slime:5 |   15880 |   29125 |  64.7 |      28 |      11 |  28.2
      Orc:1 |    8245 |       0 |   0.0 |      40 |       0 |   0.0
      Orc:2 |    5524 |    7232 |  56.7 |      51 |      33 |  39.3
      Elf:1 |   15727 |   18639 |  54.2 |      20 |      32 |  61.5
      Elf:2 |    5214 |   29948 |  85.2 |       9 |      34 |  79.1
      Elf:3 |   13549 |   36636 |  73.0 |      22 |      26 |  54.2
   Vaults:1 |   25089 |   17153 |  40.6 |      46 |      24 |  34.3
   Vaults:2 |   21241 |   15770 |  42.6 |      37 |      25 |  40.3
   Vaults:3 |   33254 |   33540 |  50.2 |      56 |      40 |  41.7
   Vaults:4 |   45068 |   28022 |  38.3 |      69 |      42 |  37.8
   Vaults:5 |   43744 |  126106 |  74.2 |      55 |      94 |  63.1
   Depths:1 |   27668 |    3970 |  12.5 |      40 |       7 |  14.9
   Depths:2 |   38454 |   18704 |  32.7 |      54 |      20 |  27.0
   Depths:3 |    1038 |   80035 |  98.7 |       1 |     104 |  99.0
   Depths:4 |   31091 |   63147 |  67.0 |      46 |      46 |  50.0
   Depths:5 |   60126 |   20641 |  25.6 |      72 |      27 |  27.3
      Zot:1 |   68176 |   63479 |  48.2 |      35 |      64 |  64.6
      Zot:2 |   74366 |    8517 |  10.3 |      40 |       1 |   2.4
      Zot:3 |   59981 |       0 |   0.0 |      29 |       0 |   0.0
      Zot:4 |   73503 |   89224 |  54.8 |      44 |      30 |  40.5
      Zot:5 |   37229 |   24903 |  40.1 |      22 |       8 |  26.7
    Abyss:3 |   15306 |    1702 |  10.0 |      29 |       8 |  21.6
    Abyss:4 |    4162 |     521 |  11.1 |      15 |       2 |  11.8
            +---------+---------+-------+---------+---------+-------
